AoeStats
← shminky

Arena

509026456Analyzed
1v1 RM · 7d ago on Sep 25, 2026· 58m 27s· 2 players
Game mode
Random Map
Map size
Tiny (2 player)
Population
200
Speed
Normal
Resources
Standard
Victory
Conquest
Starting age
Dark Age
Ending age
Imperial Age
RankedLock teamsTeams togetherTeam positionsShared explorationLock speedFull tech treeHidden civsTurbo modeCheats
Victory
Defeat
🇨🇳 Berbers · China
859
+18
🇦🇺 Celts · Australia
899
-18
jerryBeing
10:23 Feudal Age
14:15 Castle Age
12:16 Double-Bit Axe
12:52 Horse Collar
16:01 Bow Saw
20:14 Heavy Plow
22:13 Wheelbarrow
24:35 Hand Cart
24:27 Fletching
24:46 Town Watch
25:13 Forging
24:58 Gold Mining
25:06 Bodkin Arrow
28:44 Imperial Age
26:00 Loom
27:26 Gold Shaft Mining
26:53 Padded Archer Armor
28:13 Kasbah
28:13 Treadmill Crane
28:44 Thumb Ring
30:33 Chemistry
29:54 Ballistics
29:46 Masonry
30:22 Crop Rotation
30:19 Bloodlines
30:10 Husbandry
30:48 Stone Mining
31:00 Bracer
31:16 Leather Archer Armor
31:10 Siege Engineers
31:00 Murder Holes
31:50 Conscription
30:56 Elite Genitour
31:59 Scale Barding Armor
32:04 Loom
32:57 Stone Shaft Mining
32:45 Kasbah
33:04 Cavalier
36:00 Hoardings
37:13 Forging
37:16 Elite Camel Archer
39:01 Chain Barding Armor
39:18 Iron Casting
39:10 Maghrebi Camels
40:49 Fortified Wall
41:38 Plate Barding Armor
43:06 Blast Furnace
43:56 Ring Archer Armor
47:31 Herbal Medicine
53:49 Guard Tower
55:13 Light Cavalry
shminky
7:54 Loom
10:23 Feudal Age
16:52 Castle Age
19:09 Stone Mining
19:26 Double-Bit Axe
21:08 Horse Collar
22:46 Wheelbarrow
26:05 Stronghold
28:48 Ballistics
28:25 Murder Holes
28:55 Forging
28:48 Scale Mail Armor
30:45 Hand Cart
30:15 Town Watch
31:30 Iron Casting
31:11 Chain Mail Armor
31:58 Pikeman
36:55 Gambesons
40:06 Imperial Age
40:16 Halberdier
42:23 Blast Furnace
41:19 Fletching
41:12 Heavy Scorpion
44:41 Plate Mail Armor
44:08 Bodkin Arrow
44:52 Heavy Scorpion
48:08 Furor Celtica
48:20 Conscription
49:57 Onager
Connection lost

Rejoining the realm…

Still unreachable

The connection could not be restored.

Session expired

The server has moved on; the page needs a fresh start.